AoeStats
← arkance

Arabia

510966201Analyzed
1v1 RM · 9h ago on Oct 3, 2026· 66m 14s· 2 players
Game mode
Random Map
Map size
Tiny (2 player)
Population
200
Speed
Normal
Resources
Standard
Victory
Conquest
Starting age
Dark Age
Ending age
Imperial Age
RankedLock teamsTeams togetherTeam positionsShared explorationLock speedFull tech treeHidden civsTurbo modeCheats
Victory
Defeat
🇫🇷 Magyars · France
1259
+14
🇹🇼 Varangians · Taiwan
1218
-14
arkance
6:52 Loom
9:02 Feudal Age
9:47 Double-Bit Axe
14:13 Horse Collar
18:39 Wheelbarrow
21:13 Castle Age
19:40 Gold Mining
20:53 Bloodlines
20:43 Fletching
22:25 Bow Saw
22:17 Heavy Plow
22:44 Bodkin Arrow
23:54 Padded Archer Armor
25:10 Leather Archer Armor
25:45 Gold Shaft Mining
25:35 Husbandry
28:42 Ballistics
33:26 Stone Mining
40:08 Imperial Age
37:47 Thumb Ring
41:24 Parthian Tactics
41:00 Bracer
41:33 Caravan
41:08 Heavy Cavalry Archer
43:37 Two-Man Saw
42:58 Recurve Bow
43:19 Town Watch
45:14 Conscription
47:00 Ring Archer Armor
47:57 Corvinian Army
50:50 Chemistry
50:06 Caravan
51:31 Scale Barding Armor
52:52 Elite Magyar Huszar
55:39 Hoardings
55:55 Chain Barding Armor
56:43 Hand Cart
56:28 Town Patrol
57:23 Siege Engineers
57:29 Masonry
61:00 Plate Barding Armor
60:53 Murder Holes
62:09 Crop Rotation
62:49 Hoardings
MAVERICK
6:18 Loom
8:56 Feudal Age
9:42 Double-Bit Axe
21:11 Castle Age
19:23 Horse Collar
19:51 Scale Barding Armor
19:56 Forging
20:00 Bloodlines
20:16 Gold Mining
20:59 Forging
24:34 Husbandry
27:52 Chain Barding Armor
29:52 Wheelbarrow
33:57 Bow Saw
33:39 Stone Mining
34:41 Fletching
35:17 Bodkin Arrow
40:16 Imperial Age
37:34 Town Watch
38:49 Iron Casting
38:59 Vendel Legacy
40:28 Ballistics
40:36 Cavalier
42:21 Plate Barding Armor
43:59 Heavy Plow
44:54 Padded Archer Armor
45:26 Hand Cart
45:15 Bracer
45:52 Elite Skirmisher
48:14 Leather Archer Armor
48:59 Blast Furnace
50:51 Conscription
55:00 Scale Mail Armor
58:35 Town Patrol
60:32 Light Cavalry
61:57 Squires
61:43 Gambesons
Connection lost

Rejoining the realm…

Still unreachable

The connection could not be restored.

Session expired

The server has moved on; the page needs a fresh start.